 Dungeon Crawl Stone Soup version 0.17.2-1-ge4368a0 (webtiles) character file.

547 tidbits the Insei (level 6, 0/46 HPs)
             Began as a Demigod Transmuter on Sept 22, 2017.
             Slain by an orc wizard
             ... wielding a +0 dagger
              (3 damage)
             ... on level 5 of the Dungeon.
             The game lasted 00:10:02 (1394 turns).

tidbits the Insei (Demigod Transmuter)              Turns: 1394, Time: 00:10:02

Health: 0/46       AC:  2    Str: 13    XL:     6   Next: 78%
Magic:  8/12       EV: 20    Int: 21    God:
Gold:   125        SH:  0    Dex: 21    Spells: 3 memorised, 3 levels left

rFire  + . .     SeeInvis .       - Unarmed
rCold  . . .     Clarity  .     (armour currently unavailable)
rNeg   . . .     SustAt   +     (shield currently unavailable)
rPois  x         Gourm    .     (helmet currently unavailable)
rElec  .         Spirit   .     (cloak currently unavailable)
rCorr  .         Warding  .     (gloves currently unavailable)
rMut   .         Stasis   .     (boots currently unavailable)
MR     .....                    (no amulet)
Stlth  ++........               (no ring)
                                g - ring of protection from fire

@: spider-form (expiring), not resistant to hostile enchantments, unstealthy
A: high mp 1, sustain attributes
a: End Transformation


You were on level 5 of the Dungeon.
You were hungry.
You were a venomous arachnid creature.
You visited 1 branch of the dungeon, and saw 5 of its levels.

You collected 125 gold pieces.

Inventory:

Hand Weapons
 l - a +0 vampiric spear
   (You took it off a hobgoblin on level 1 of the Dungeon)
Missiles
 j - 11 arrows of dispersal
 v - 8 curare-tipped needles
 w - 6 tomahawks (quivered)
 C - 18 arrows
Armour
 b - a +0 robe (melded)
 r - a cursed +0 ring mail
   (You found it on level 2 of the Dungeon)
Jewellery
 g - a ring of protection from fire (left front leg)
   (You found it on level 1 of the Dungeon)
 m - an uncursed ring of ice
   (You took it off a kobold on level 1 of the Dungeon)
Wands
 a - a wand of random effects (4)
   (You took it off Duvessa on level 4 of the Dungeon)
Scrolls
 e - a scroll of random uselessness {unknown}
 f - 4 scrolls of remove curse {unknown}
 n - a scroll of enchant weapon {unknown}
 o - a scroll of blinking {unknown}
 p - a scroll of noise {unknown}
 q - a scroll of fog {unknown}
 s - a scroll of amnesia {unknown}
 u - 2 scrolls of identify {unknown}
 y - a scroll of immolation {unknown}
 z - 2 scrolls of recharging {unknown}
Potions
 h - a potion of might
 i - a potion of brilliance {unknown}
 t - a potion of lignification {unknown}
 x - a potion of heal wounds {unknown}
Books
 c - a book of Changes

   Spells                             Type                      Level
   a - Beastly Appendage              Transmutation                1
   b - Sticks to Snakes               Transmutation                2
   c - Spider Form                    Transmutation/Poison         3
   d - Ice Form                       Ice/Transmutation            4
   e - Blade Hands                    Transmutation                5
Comestibles
 d - 3 bread rations
 k - a beef jerky
 A - 2 chunks of flesh
 B - 4 fruits


   Skills:
 - Level 0.8 Fighting
 - Level 1.7 Dodging
 + Level 5.3 Unarmed Combat
 - Level 2.1 Spellcasting
 + Level 5.1 Transmutations


You had 3 spell levels left.
You knew the following spells:

 Your Spells              Type           Power        Failure   Level  Hunger
e - Beastly Appendage     Trmt           ###...       8%          1    #......
k - Sticks to Snakes      Trmt           ###.......   10%         2    ##.....
p - Spider Form           Trmt/Pois      ##........   36%         3    ###....


Dungeon Overview and Level Annotations

Branches:
Dungeon (5/15)
 Temple: D:4-7

Annotations:
D:3 Natasha, Sigmund


Innate Abilities, Weirdness & Mutations

You have an increased reservoir of magic (+10% MP).
Your attributes are resistant to harm.


Message History

You see here the human corpse of Prince Ribbit.
Your transformation has ended.
Your +0 robe unmelds from your body.
Wield which item (- for none, * to show all)? (? for menu, Esc to quit)
a - a wand of random effects {zapped: 7} (in hand)
You swing at nothing.
You swing at nothing.
You swing at nothing.
You swing at nothing.
You swing at nothing.
You swing at nothing.
You swing at nothing.
You swing at nothing.
You swing at nothing.
You swing at nothing.
You swing at nothing.
You swing at nothing.
You swing at nothing.
You swing at nothing.
You swing at nothing.
You swing at nothing.
You swing at nothing.
You swing at nothing.
You swing at nothing.
You swing at nothing.
You swing at nothing.
You swing at nothing.
A centaur skeleton comes into view.
Casting: Spider Form
Confirm with . or Enter, or press ? or * to list all spells.
You turn into a venomous arachnid creature.
Your wand of random effects {zapped: 7} falls away!
You are now empty-handed.
Your +0 robe melds into your body.
You bite the centaur skeleton! The centaur skeleton hits you.
* * * LOW HITPOINT WARNING * * *
You maul the centaur skeleton!!
You destroy the centaur skeleton!
Your transformation has ended.
Your +0 robe unmelds from your body.
An ogre comes into view. It is wielding a giant club.
You can't rest with a hostile monster in view!
Unknown command.
Found 18 arrows.
You now have 125 gold pieces (gained 15).
An orc wizard comes into view. It is wielding a dagger.
The orc wizard shouts!
You see here 18 arrows.
Casting: Spider Form
Confirm with . or Enter, or press ? or * to list all spells.
You create a snake!
Casting: Sticks to Snakes
Confirm with . or Enter, or press ? or * to list all spells.
You turn into a venomous arachnid creature.
Your +0 robe melds into your body.
You are feeling hungry.
Your ball python barely misses the orc wizard.
Your ball python closely misses the orc wizard.
You bite the orc wizard!
You kill the orc wizard!
C - 18 arrows An orc comes into view.
The orc shouts!
You feel a little less mighty now.
An orc wizard comes into view. It is wielding a dagger.
Things that are here:
a dagger; a robe; an orc corpse The orc hits you.
* * * LOW HITPOINT WARNING * * *
You bite the orc!
You kill the orc!
The orc wizard casts a spell at you. The puff of flame misses you.
Your transformation is almost over.
You barely miss the orc wizard. The orc wizard closely misses you.
You barely miss the orc wizard.
Your ball python completely misses the orc wizard.
Your ball python closely misses the orc wizard.
The orc wizard closely misses you.
You hit the orc wizard.
The orc wizard is moderately wounded.
Your ball python bites the orc wizard.
Your ball python barely misses the orc wizard.
The orc wizard gestures at you while chanting.
The magic dart hits you!
* * * LOW HITPOINT WARNING * * *
You hit the orc wizard but do no damage.
The orc wizard is poisoned.
The orc wizard is moderately wounded.
Your ball python barely misses the orc wizard.
Your ball python grabs the orc wizard.
Your ball python constricts the orc wizard.
The orc wizard misses you.
Drink which item? (? for menu, Esc to quit)
Okay, then.
You hit the orc wizard but do no damage.
The orc wizard is moderately wounded.
Your ball python bites the orc wizard.
Your ball python constricts the orc wizard.
The orc wizard hits you with a dagger.
You die...

#. #.## ..#
#####.#######
##.....#.....## #
##.............## ..
#........os..)..# ..###
#.........S.....#
#...###...............#
###...................#
#............)........#
#.####O#).†..........##
..# #.##.....#.....##
### #.##############
#.#


You could see an orc wizard and a friendly ball python.

Vanquished Creatures
  Prince Ribbit (D:5)
  Duvessa (D:4)
  Dowan (D:4)
  A centaur skeleton (D:5)
  2 worker ants
  An iguana (D:4)
  An orc wizard (D:5)
  A hound zombie (D:5)
  2 adders
  An ooze (D:1)
  7 orcs
  5 hobgoblins
  9 kobolds
  3 quokkas
  5 giant cockroaches
  4 giant newts
  5 goblins
  4 rats
54 creatures vanquished.

Vanquished Creatures (collateral kills)
  An adder (D:2)
  2 goblins
  2 hobgoblins (D:1)
  3 kobolds
  A rat (D:3)
9 creatures vanquished.

Grand Total: 63 creatures vanquished

Notes
Turn   | Place    | Note
--------------------------------------------------------------
     0 | D:1      | tidbits the Demigod Transmuter began the quest for the Orb.
     0 | D:1      | Reached XP level 1. HP: 15/15 MP: 5/5
    95 | D:1      | Reached skill level 2 in Transmutations
   141 | D:1      | Reached skill level 2 in Spellcasting
   141 | D:1      | Reached XP level 2. HP: 14/22 MP: 7/7
   145 | D:1      | Learned a level 2 spell: Sticks to Snakes
   409 | D:2      | Reached skill level 3 in Unarmed Combat
   486 | D:2      | Reached XP level 3. HP: 7/27 MP: 4/8
   623 | D:2      | Learned a level 3 spell: Spider Form
   876 | D:3      | Reached skill level 3 in Transmutations
   878 | D:3      | Found a shattered altar of Ashenzari.
  1036 | D:4      | Reached XP level 4. HP: 18/34 MP: 3/9
  1092 | D:4      | Noticed Duvessa
  1121 | D:4      | Killed Duvessa
  1121 | D:4      | Reached skill level 4 in Unarmed Combat
  1121 | D:4      | Reached XP level 5. HP: 12/39 MP: 2/10
  1128 | D:4      | Noticed Dowan
  1136 | D:4      | Killed Dowan
  1136 | D:4      | Reached skill level 4 in Transmutations
  1191 | D:3      | Noticed Natasha
  1191 | D:3      | Noticed Sigmund
  1232 | D:5      | Entered Level 5 of the Dungeon
  1268 | D:5      | Noticed Prince Ribbit
  1328 | D:5      | Killed Prince Ribbit
  1328 | D:5      | Reached skill level 5 in Unarmed Combat
  1328 | D:5      | Reached skill level 5 in Transmutations
  1328 | D:5      | Reached XP level 6. HP: 7/46 MP: 7/12
  1366 | D:5      | Noticed an ogre
  1392 | D:5      | HP: 3/46 [orc wizard/magic dart (8)]
  1394 | D:5      | Slain by an orc wizard

Action                   |  1- 3 |  4- 6 || total
-------------------------+-------+-------++-------
Melee: Unarmed           |   135 |    56 ||   191
 Cast: Beastly Appendage |    22 |       ||    22
       Sticks to Snakes  |    10 |     4 ||    14
       Spider Form       |     7 |     8 ||    15
 Abil: End Transformatio |       |     3 ||     3
Evoke: Wand              |       |     3 ||     3
  Use: Potion            |       |     2 ||     2
 Stab: Distracted        |     1 |     1 ||     2
       Sleeping          |     2 |       ||     2
  Eat: Bread ration      |     1 |       ||     1
       Chunk             |       |     1 ||     1

Table legend:
 A = Turns spent in this place as a percentage of turns spent in the entire game.
 B = Non-inter-level travel turns spent in this place as a percentage of non-inter-level travel turns spent in the entire game.
 C = Inter-level travel turns spent in this place as a percentage of turns spent in this place.
 D = Turns resting spent in this place as a percentage of non-inter-level travel turns spent in this place.
 E = Turns spent auto-exploring this place as a percentage of non-inter-level travel turns spent in this place.
 F = Non-inter-level travel turns spent in this place divided by the number of levels of this place that you've seen.
                   A       B       C       D       E      F
               +-------+-------+-------+-------+-------+----------------------
         Total | 100.0 | 100.0 |   0.1 |   0.3 |   0.0 | 263.0
       Dungeon | 100.0 | 100.0 |   0.1 |   0.3 |   0.0 | 263.0
               +-------+-------+-------+-------+-------+----------------------

Table legend:
 A = Kills in this place as a percentage of kills in entire the game.
 B = Kills by you in this place as a percentage of kills by you in the entire game.
 C = Kills by friends in this place as a percentage of kills by friends in the entire game.
 D = Other kills in this place as a percentage of other kills in the entire game.
 E = Experience gained in this place as a percentage of experience gained in the entire game.
 F = Experience gained in this place divided by the number of levels of this place that you have seen.
                   A       B       C       D       E      F
               +-------+-------+-------+-------+-------+----------------------
         Total | 100.0 | 100.0 | 100.0 |  -nan | 100.0 | 156.4
       Dungeon | 100.0 | 100.0 | 100.0 |  -nan | 100.0 | 156.4
               +-------+-------+-------+-------+-------+----------------------

Vault maps used:
D:1:      minmay_arrival_three_doors
D:2:      first_bread, serial_corexii_hall, corexii_hall_statues_i,
          corexii_hall_statues_l, corexii_hall_statues_l, corexii_hall_statues_i
D:3:      nicolae_ashenzari_panopticon, uniq_natasha, uniq_sigmund
D:4:      minmay_ogre_servants, uniq_duvessa
D:5:      serial_shops, nicolae_shop_crystal, uniq_prince_ribbit1
